 Dungeon Crawl Stone Soup version 0.28.0-53-g5a82cb258f (webtiles) character file.

Game seed: 1852451795772755282

45 Sin92 the Skirmisher (level 3, -2/33 HPs)
             Began as a Minotaur Fighter on June 2, 2022.
             Slain by a goblin
             ... wielding a +0 club
             ... led by Robin
              (5 damage)
             ... on level 2 of the Dungeon.
             The game lasted 00:01:29 (771 turns).

Sin92 the Skirmisher (Minotaur Fighter)              Turns: 771, Time: 00:01:29

Health: -2/33      AC:  8    Str: 22    XL:     3   Next: 42%
Magic:  2/2        EV:  9    Int:  5    God:
Gold:   32         SH:  4    Dex:  9    Spells: 2/2 levels left

rFire   . . .      SeeInvis .   a - +0 war axe
rCold   . . .      Faith    .   c - +0 buckler
rNeg    . . .      Spirit   .   b - +0 scale mail
rPois   .          Reflect  .   (helmet restricted)
rElec   .          Harm     .   (no cloak)
rCorr   .          Rampage  .   k - +0 pair of gloves
Will    .....                   (no boots)
Stlth   ..........              (no amulet)
HPRegen 0.11/turn               (no ring)
MPRegen 0.08/turn               (no ring)

@: mighty
A: horns 2, retaliatory headbutt
a: no special abilities


You were on level 2 of the Dungeon.
You visited 1 branch of the dungeon, and saw 2 of its levels.

You collected 32 gold pieces.

Inventory:

Hand Weapons
 a - a +0 war axe (weapon)
Armour
 b - a +0 scale mail (worn)
 c - a +0 buckler (worn)
 k - a +0 pair of gloves (worn)
Scrolls
 e - a scroll of immolation {unknown}
 f - a scroll of torment {unknown}
Potions
 g - 2 potions of degeneration {unknown}
 h - a potion of cancellation {unknown}
 i - 2 potions of curing {unknown}
 j - a potion of mutation {unknown}
 l - a potion of magic {unknown}


   Skills:
 + Level 4.0 Fighting
 * Level 3.4 Axes
 + Level 3.9 Armour
 + Level 1.2 Dodging
 + Level 4.0 Shields


You had 2 spell levels left.
You didn't know any spells.
Your spell library was empty.

Dungeon Overview and Level Annotations

Branches:
Dungeon (2/15)

Altars:

Annotations:
D:2 Robin, Terence


Innate Abilities, Weirdness & Mutations

You have a pair of horns on your head.
You reflexively headbutt those who attack you in melee.


Message History

You are too injured to fight recklessly!
You are too injured to fight recklessly!
Unknown command.
There are monsters nearby!
Unknown command.
There are monsters nearby!
You are too injured to fight recklessly!
Unknown command.
There are monsters nearby!
You are too injured to fight recklessly!
Unknown command.
There are monsters nearby!
You are too injured to fight recklessly!
You feel very mighty all of a sudden. The goblin hits you with a +0 dagger.
Things that are here:
a +0 club; a +0 hunting sling; 16 stones The goblin hits you with a +0 dagger.
* * * LOW HITPOINT WARNING * * *
Things that are here:
a +0 club; a goblin corpse You barely miss Terence.
You closely miss the goblin. You slash the goblin!
You kill the goblin!
Terence hits you with a +2 hand axe of holy wrath.
* * * LOW HITPOINT WARNING * * *
The goblin hits you but does no damage. Terence completely misses you.
You furiously retaliate!
You headbutt Terence!
Your Shields skill increases to level 4!
You barely miss Terence.
Terence is heavily wounded.
You barely miss the goblin.
The hobgoblin shouts!
You hit the goblin. You hit the dart slug but do no damage.
The goblin unwields a +0 hunting sling.
The goblin wields a +0 club.
The goblin barely misses you. You block the goblin's attack.
Terence hits you with a +2 hand axe of holy wrath.
* * * LOW HITPOINT WARNING * * *
The dart slug bites you but does no damage.
The goblin hits you with a +0 club.
You die...

#.# ##.#####.#
#.# #..# #.#
#.# #.######.#
#.###.##.....#
#. #..#..#####
#.##....##
##### #.....###
.....###@.#.#
.$....##@...#
......rggw..#
......ggg##...#
......)#.####.#
......g#.# ..#
.....g...# .#
.......... .
........##
.......#


You could see Terence, Robin, a dart slug, 2 hobgoblins, 4 goblins and a rat.

Vanquished Creatures
  2 bats (D:1)
  4 endoplasms
  7 goblins
  4 hobgoblins
  3 jackals (D:1)
  4 quokkas
  4 ball pythons (D:1)
  5 kobolds
  4 rats
37 creatures vanquished.

Notes
Turn   | Place    | Note
-------+----------+-------------------------------------------
     0 | D:1      | Sin92 the Minotaur Fighter began the quest for the Orb.
     0 | D:1      | Reached XP level 1. HP: 19/19 MP: 0/0
   151 | D:1      | Reached XP level 2. HP: 27/27 MP: 1/1
   611 | D:2      | Reached skill level 1 in Dodging
   677 | D:2      | Reached XP level 3. HP: 33/33 MP: 2/2
   719 | D:2      | Noticed Terence
   761 | D:2      | Noticed Robin
   771 | D:2      | Slain by a goblin

Illustrated notes

Levels and vault maps discovered:
D:1:      minmay_arrival_wavy_path, layout_rooms, minmay_pentomino_p2
D:2:      layout_rooms, uniq_robin, uniq_terence, uniq_sigmund

Skill      XL: |  1  2  3 |
---------------+----------+-----
Axes           | 3 |  3.4
Dodging        | 1 |  1.2
Fighting       | 4 |  4.0
Shields        | 4 |  4.0
Armour         | |  3.9

Action                   || total
-------------------------++-------
Melee: War axe           ||    52
       Headbutt          ||     5
  Use: Potion            ||     1
Armor: Scale mail        ||    27
Dodge: Dodged            ||    35
Block: Buckler           ||    20
